 Dungeon Crawl Stone Soup version 0.21-a0-516-gaaff437 (webtiles) character file.

165 KristoblXynda the Chopper (level 5, 0/41 HPs)
             Began as a Draconian Gladiator on Dec 3, 2017.
             Slain by a small abomination (7 damage)
             ... on level 1 of the Abyss.
             The game lasted 00:03:37 (2243 turns).

KristoblXynda the Chopper (Draconian Gladiator)     Turns: 2243, Time: 00:03:38

Health: 0/41       AC:  5    Str: 17    XL:     5   Next: 22%
Magic:  0/5        EV: 13    Int:  8    God:
Gold:   143        SH:  5    Dex: 13    Spells: 4/4 levels left

rFire    . . .     SeeInvis .   a - +0 war axe
rCold    . . .     Gourm    .   e - +2 buckler
rNeg     . . .     Faith    .   (armour unavailable)
rPois    .         Spirit   +   b - +0 hat
rElec    .         Reflect  .   (no cloak)
rCorr    .         Harm     .   (no gloves)
MR       .....                  (no boots)
Stlth    +.........             p - amulet of guardian spirit
HPRegen  0.13/turn              (no ring)
MPRegen  0.09/turn              (no ring)

@: no status effects
A: unfitting armour, cold-blooded, AC +5
a: no special abilities


You were on level 1 of the Abyss.
You were hungry.

You visited 1 branch of the dungeon, and saw 2 of its levels.
You visited the Abyss 1 time.

You collected 143 gold pieces.

Inventory:

Hand Weapons
 a - a +0 war axe (weapon)
Missiles
 c - 3 throwing nets (quivered)
Armour
 b - a +0 hat (worn)
 e - a +2 buckler (worn)
Jewellery
 p - an amulet of guardian spirit (around neck)
Scrolls
 h - a scroll of enchant armour {unknown}
 k - a scroll of teleportation {unknown}
 o - a scroll of remove curse
Potions
 g - a potion of invisibility {unknown}
 j - a potion of flight {unknown}
 n - a potion of lignification {unknown}
 q - a potion of curing
 t - a potion of mutation {unknown}
Comestibles
 d - 2 bread rations
 f - a royal jelly
 m - a meat ration


   Skills:
 - Level 2.1 Fighting
 + Level 4.2 Axes
 - Level 3.0 Throwing
 + Level 3.8 Dodging
 + Level 0.5 Shields


You had 4 spell levels left.
You didn't know any spells.

Dungeon Overview and Level Annotations

Branches:
Dungeon (2/15)

Altars:

Annotations:
D:2 Crazy Yiuf


Innate Abilities, Weirdness & Mutations

Your plain brown scales are hard. (AC +5)
You cannot fit into any form of body armour.
You are cold-blooded and may be slowed by cold attacks.


Message History

The small abomination is heavily damaged.
You block the small abomination's attack.
The small abomination hits you.
You closely miss the small abomination.
The small abomination is heavily damaged.
The small abomination closely misses you.
The small abomination hits you!
* * * LOW HITPOINT WARNING * * *
You feel much better.
The small abomination closely misses you.
Unknown command.
You barely miss the small abomination.
The small abomination is heavily damaged.
You block the small abomination's attack.
The small abomination hits you!
* * * LOW HITPOINT WARNING * * *
You hit the small abomination.
The small abomination is severely damaged.
The small abomination hits you!
You die...

.# .# . ..##.
#.## .#..#
.#. ..?.# #
##..##.#.#
.#.#..#....##
#....#..x...#
#....@..♣
##♣♣....♣ .#
..♣.♣♣♣
#.#..♣♣ #
♣♣♣.♣ #.♣♣
♣♣♣.♣ '# ..#


You could see a small abomination.

Vanquished Creatures
  An iron imp (Abyss:1)
  Jessica (D:2)
  5 adders (D:2)
  2 worms (D:2)
  4 dart slugs
  A giant cockroach (D:1)
  7 goblins
  5 hobgoblins
  5 jackals (D:2)
  4 bats
  5 frilled lizards
  9 kobolds
  9 rats
58 creatures vanquished.

Notes
Turn   | Place    | Note
-------+----------+-------------------------------------------
     0 | D:1      | KristoblXynda the Draconian Gladiator began the quest for the Orb.
     0 | D:1      | Reached XP level 1. HP: 17/17 MP: 1/1
   211 | D:1      | Reached XP level 2. HP: 15/24 MP: 2/2
   532 | D:1      | Reached XP level 3. HP: 26/29 MP: 3/3
   967 | D:2      | Reached XP level 4. HP: 17/36 MP: 4/4
  1667 | D:2      | Noticed Jessica
  1675 | D:2      | Killed Jessica
  1675 | D:2      | Reached skill level 4 in Axes
  1801 | D:2      | Found a runed door.
  1900 | D:2      | Reached XP level 5. HP: 41/41 MP: 5/5
  2125 | D:2      | Noticed Crazy Yiuf
  2137 | D:2      | Cast into level 1 of the Abyss (Crazy Yiuf)
  2240 | Abyss:1  | HP: 1/41 [small abomination (12)]
  2243 | Abyss:1  | Slain by a small abomination

Vault maps used:
D:1:      eino_arrival_cavern_a, corexii_leaking_fountain
D:2:      first_bread, uniq_jessica, uniq_crazy_yiuf_cottage

Skill      XL: |  1  2  3  4 |
---------------+-------------+-----
Throwing       | 2 3 |  3.0
Dodging        | 3 |  3.8
Axes           | 4 |  4.2
Fighting       | |  2.1
Shields        | |  0.5

Action                   |  1- 3 |  4- 6 || total
-------------------------+-------+-------++-------
Melee: War axe           |    95 |    92 ||   187
       Tailslap          |    12 |     9 ||    21
  Use: Potion            |     1 |     2 ||     3
       Scroll            |       |     4 ||     4
 Stab: Sleeping          |     4 |       ||     4
  Eat: Chunk             |       |     4 ||     4
Armor: Skin              |    33 |    14 ||    47
Dodge: Dodged            |    76 |    61 ||   137
Block: Buckler           |    26 |    23 ||    49

Table legend:
 A = Spawn XP
 B = Non-spawn XP
 C = Spawn XP percentage of total XP
 D = Spawn monster count
 E = Non-spawn monster count
 F = Spawn count percentage of total count
 G = Total turns spent on level
                    A         B        C        D         E        F      G
               +---------+---------+-------+---------+---------+-------+---------
         Total |      39 |     198 |  16.5 |       1 |      57 |   1.7 |  2243
               +---------+---------+-------+---------+---------+-------+---------
           D:1 |       0 |      41 |   0.0 |       0 |      23 |   0.0 |   764
           D:2 |       0 |     157 |   0.0 |       0 |      34 |   0.0 |  1373
       Abyss:1 |      39 |       0 | 100.0 |       1 |       0 | 100.0 |   106
               +---------+---------+-------+---------+---------+-------+---------
